 Dungeon Crawl Stone Soup version 0.29-a0-359-g541a27f54d (webtiles) character file.

Game seed: 4801133630973500810

43370 khangoldenlief the Tortoise (level 13, -5/123 HPs)
             Began as a Minotaur Berserker on Apr 27, 2022.
             Was a High Priest of Trog.
             Succumbed to a swamp dragon's poison gas
             ... on level 6 of the Lair of Beasts on Apr 28, 2022.
             The game lasted 01:27:23 (23428 turns).

khangoldenlief the Tortoise (Minotaur Berserker)   Turns: 23428, Time: 01:27:24

Health: -5/123     AC: 31    Str: 28    XL:     13   Next: 90%
Magic:  7/7        EV: 11    Int:  6    God:    Trog [*****.]
Gold:   1326       SH:  0    Dex:  7    Spells: 12/12 levels left

rFire   . . .      SeeInvis .   M - +7 dire flail (antimagic)
rCold   + . .      Faith    .   (shield currently unavailable)
rNeg    . . .      Spirit   .   V - +18 Lear's hauberk
rPois   .          Reflect  .   (helmet currently unavailable)
rElec   +          Harm     .   (no cloak)
rCorr   +          Rampage  .   (gloves currently unavailable)
Will    ++...                   (boots currently unavailable)
Stlth   ..........              F - amulet of the acrobat
HPRegen 1.30/turn               k - ring of resist corrosion
MPRegen 0.10/turn               y - ring of Nuhuoh {rElec rC+ MP+9 Slay+2}

@: brilliant, lethally poisoned (-5 -> -37), strong-willed, on berserk cooldown,
regenerating, hasted and slowed
A: horns 2, retaliatory headbutt, clever 1, clumsy 1
a: Renounce Religion, Berserk, Trog's Hand, Brothers in Arms


You were on level 6 of the Lair of Beasts.
You worshipped Trog.
Trog was extremely pleased with you.
You visited 2 branches of the dungeon, and saw 16 of its levels.

You collected 1326 gold pieces.

Inventory:

Hand Weapons
 c - a +2 demon whip of venom
 e - the +5 scythe "Finisher" {speed, eviscerate}
   (You found it on level 2 of the Lair of Beasts)

   Attacks with this weapon are significantly faster.
   It may eviscerate those it strikes, slaying them instantly, with a decreasing
   chance against stronger foes.
 q - a +4 scimitar
 L - a +2 dagger of draining
 M - a +7 antimagic dire flail (weapon)
 O - a +3 dagger
 U - a +3 great mace
 Z - the +10 longbow of Usurping Quick Death {vorpal, Str+2 Int+3}
   (You found it on level 1 of the Lair of Beasts)

   Any ammunition fired from it inflicts extra damage upon your enemies.
   Str:       It affects your strength (+2).
   Int:       It affects your intelligence (+3).
Missiles
 h - 43 poisoned darts (quivered)
Armour
 D - a +2 robe of resistance
 V - the +18 Lear's hauberk (worn)
   (You found it on level 11 of the Dungeon)
Jewellery
 f - a ring of positive energy
 i - an amulet of regeneration
 k - a ring of resist corrosion (left hand)
 n - a +6 ring of intelligence
 y - the ring of Nuhuoh (right hand) {rElec rC+ MP+9 Slay+2}
   (You took it off a wizard on level 9 of the Dungeon)

   [ring of magical power]

   Slay:      It affects your accuracy & damage with ranged weapons and melee
   (+2).
   rC:        It protects you from cold.
   rElec:     It insulates you from electricity.
   MP:        It affects your magic capacity (+9).
 F - an amulet of the acrobat (around neck)
 P - a ring of flight
Wands
 a - a wand of mindburst (4)
 b - a wand of flame (30)
 G - a wand of paralysis (3)
 Q - a wand of polymorph (10)
 X - a wand of digging (5)
Scrolls
 d - 2 scrolls of enchant armour {unknown}
 g - 2 scrolls of vulnerability
 j - a scroll of acquirement {unknown}
 l - a scroll of blinking {unknown}
 o - 5 scrolls of enchant weapon
 p - a scroll of fear {unknown}
 u - a scroll of silence {unknown}
 v - 8 scrolls of teleportation
 x - 4 scrolls of fog
 B - 3 scrolls of immolation {unknown}
 R - 2 scrolls of magic mapping {unknown}
 W - a scroll of brand weapon {unknown}
Potions
 r - a potion of mutation
 s - 2 potions of ambrosia
 t - 3 potions of berserk rage {unknown}
 w - 2 potions of degeneration {unknown}
 z - 4 potions of flight
 A - 3 potions of lignification
 E - a potion of invisibility {unknown}
 I - 5 potions of magic
 J - 2 potions of haste
 K - 2 potions of brilliance
 N - 2 potions of might {unknown}
 S - 3 potions of attraction {unknown}
Miscellaneous
 C - a box of beasts
 T - a tin of tremorstones (2/2)
 Y - a piece from Xom's chessboard (15/15)


   Skills:
 + Level 13.9 Fighting
 + Level 11.8(14.9) Axes
 + Level 14.9(16.5) Maces & Flails
 + Level 15.8 Armour
 + Level 7.2 Dodging
 + Level 3.1 Stealth


You had 12 spell levels left.
You didn't know any spells.
Your spell library was empty.

Dungeon Overview and Level Annotations

Branches:
Dungeon (11/15)            Temple (0/1) D:7            Lair (6/6) D:11
 Shoals (0/4) Lair:3        Slime (0/5) Lair:5          Orc (0/2) D:10
  Snake: Lair:2-4    Spider: Lair:2-4

Altars:
Fedhas
Gozag
Kikubaaqudgha
Nemelex Xobeh
Okawaru
Qazlal
Sif Muna
Trog
Uskayaw
Vehumet
Xom
Yredelemnul
Zin

Shops:
D:6 *

Annotations:
Lair:5 2 transporters, Tynuabry's ghost, journeyman DECj


Innate Abilities, Weirdness & Mutations

You have a pair of horns on your head.
You reflexively headbutt those who attack you in melee.
Your mind is acute. (Int +2)
You are clumsy. (Dex -2)


Message History

You feel extremely sick. The swamp dragon closely misses you. x2
The swamp dragon tramples you but does no damage.
It was a potion of mutation.
You feel extremely strange.
You feel clumsy.
Iridescent scales grow over part of your body.
Your iridescent scales disappear.
You feel clever.
* * * LOW HITPOINT WARNING * * *
You feel extremely sick.
The swamp dragon bites you but does no damage.
The swamp dragon closely misses you.
The swamp dragon tramples you but does no damage.
Your skin crawls.
You feel strong-willed.
You feel extremely sick. The swamp dragon barely misses you.
The swamp dragon claws you.
* * * LOW HITPOINT WARNING * * *
The swamp dragon tramples you but does no damage.
The swamp dragon closely misses you. x2
The swamp dragon tramples you but does no damage.
You sock the swamp dragon! You headbutt the swamp dragon!
The swamp dragon is moderately wounded.
You feel very sick. The swamp dragon closely misses you.
You furiously retaliate!
You headbutt the swamp dragon, but do no damage.
The swamp dragon claws you but does no damage.
The swamp dragon tramples you!
* * * LOW HITPOINT WARNING * * *
You hold your ground!
It was a potion of haste.
You feel yourself speed up.
You feel very sick.
The swamp dragon breathes poison at you.
The blast of poison engulfs you but does no damage.
You are lethally poisoned!
It was a potion of brilliance.
You feel clever all of a sudden.
You are engulfed in poison gas.
You are more poisoned.
* * * LOW HITPOINT WARNING * * *
You die...

♣.≈.♣.♣♣
♣♣♣.≈≈.$$
♣♣≈...♣♣
♣..≈≈≈.$
♣♣≈≈...♣
..≈≈...
♣♣.≈...♣♣
♣.≈≈≈≈♣♣≈≈P..♣♣
♣..≈.♣♣.≈..♣♣♣
♣☼P.§≈≈≈.♣♣
♣♣☼○§≈≈≈.♣
♣♣@D≈≈♣♣♣
♣♣♣♣♣♣


You could see a swamp dragon (catching breath).

Vanquished Creatures
  A fire dragon (Lair:6)
  4 hydras
  A centaur warrior (D:10)
  4 two-headed ogres
  A tengu warrior (D:11)
  Amaemon (D:8)
  A wizard (D:9)
  4 lindwurms (Lair:2)
  4 wolf spiders
  A manticore (Lair:3)
  An orange demon (D:8)
  5 black mambas
  A guardian serpent (Lair:6)
  16 cane toads
  A gargoyle (D:10)
  A rime drake (Lair:6)
  9 komodo dragons
  4 trolls
  A wind drake (Lair:3)
  4 polar bears
  Grinder (D:3)
  8 blink frogs
  3 hornets
  Sigmund (D:4)
  A vampire (D:11)
  5 basilisks
  8 wyverns
  4 redbacks (Lair:6)
  47 yaks
  A steam dragon (Lair:6)
  20 water moccasins
  2 acid dragons
  2 orc warriors
  2 swamp drakes (Lair:6)
  3 black bears
  2 sky beasts
  16 wolves
  An ogre (D:7)
  5 centaurs
  2 phantoms (D:5)
  2 kobold brigands
  A gnoll sergeant (D:10)
  9 bullfrogs
  2 necrophages
  6 scorpions
  3 wights (D:8)
  5 killer bees
  4 howler monkeys
  6 orc priests
  5 jellies
  A gnoll shaman (Lair:5)
  A hound (D:5)
  5 iguanas
  6 orc wizards
  7 hell rats (Lair:3)
  4 gnolls (D:5)
  16 adders
  A shadow imp (D:5)
  2 white imps
  3 dart slugs
  46 orcs
  9 endoplasms
  5 giant cockroaches
  4 hobgoblins (D:3)
  6 jackals (D:1)
  A quokka (D:4)
  7 ball pythons
  5 bats
  2 frilled lizards
  3 goblins
  14 kobolds
  5 rats
395 creatures vanquished.

Vanquished Creatures (collateral kills)
  A two-headed ogre (D:10)
  A troll (D:10)
  A yak (D:10)
3 creatures vanquished.

Vanquished Creatures (others)
  A howler monkey (D:10)
  24 fungi
  40 plants
  2 withered plants (D:3)
67 creatures vanquished.

Grand Total: 465 creatures vanquished

Notes
Turn   | Place    | Note
-------+----------+-------------------------------------------
     0 | D:1      | khangoldenlief the Minotaur Berserker began the quest for
                  | the Orb.
     0 | D:1      | Reached XP level 1. HP: 19/19 MP: 0/0
     2 | D:1      | Noticed a human
     4 | D:1      | Noticed a minotaur
     6 | D:1      | Noticed a draconian
     8 | D:1      | Noticed a felid
     8 | D:1      | Noticed a troll
    10 | D:1      | Noticed a vampire
    12 | D:1      | Noticed an octopode
    12 | D:1      | Noticed a merfolk
    14 | D:1      | Noticed a demigod
    14 | D:1      | Noticed a tengu
    16 | D:1      | Noticed a vine stalker
    16 | D:1      | Noticed a dwarf
    18 | D:1      | Noticed a ghoul
    18 | D:1      | Noticed an ogre
    20 | D:1      | Noticed a naga
    20 | D:1      | Noticed a formicid
    23 | D:1      | Noticed a gargoyle
    25 | D:1      | Noticed an elf
    25 | D:1      | Noticed a spriggan
    27 | D:1      | Noticed a demonspawn
   750 | D:1      | Reached XP level 2. HP: 26/27 MP: 1/1
  1322 | D:2      | Reached XP level 3. HP: 33/33 MP: 2/2
  1352 | D:2      | Found a faded altar of an unknown god.
  1625 | D:2      | Reached ** piety under Trog
  1708 | D:2      | Reached XP level 4. HP: 31/41 MP: 3/3
  2983 | D:3      | Found a blossoming altar of Fedhas.
  2983 | D:3      | Found an ancient bone altar of Kikubaaqudgha.
  3045 | D:3      | Reached skill level 3 in Armour
  3224 | D:3      | Noticed Grinder
  3228 | D:3      | Paralysed by Grinder for 3 turns
  3235 | D:3      | Killed Grinder
  3236 | D:3      | Reached skill level 5 in Fighting
  3236 | D:3      | Reached skill level 5 in Axes
  3236 | D:3      | Reached skill level 4 in Armour
  3236 | D:3      | Reached skill level 1 in Stealth
  3236 | D:3      | Reached XP level 5. HP: 48/48 MP: 4/4
  3236 | D:3      | Reached XP level 6. HP: 56/56 MP: 5/5
  3488 | D:4      | Noticed Sigmund
  3492 | D:4      | Killed Sigmund
  3497 | D:4      | Reached XP level 7. HP: 61/61 MP: 6/6
  3932 | D:4      | Found an opulent altar of Gozag.
  3970 | D:4      | Reached skill level 5 in Armour
  4279 | D:5      | Entered Level 5 of the Dungeon
  4827 | D:5      | Reached XP level 8. HP: 54/70 MP: 7/7
  5014 | D:5      | Found a glowing silver altar of Zin.
  5133 | D:5      | Found an iron altar of Okawaru.
  5329 | D:5      | Reached skill level 6 in Armour
  5463 | D:5      | Reached *** piety under Trog
  6120 | D:6      | Reached skill level 7 in Armour
  6219 | D:6      | Found Epifith's CLEARANCE SALE!.
  7063 | D:7      | Reached XP level 9. HP: 79/79 MP: 8/8
  7406 | D:7      | Found a staircase to the Ecumenical Temple.
  7407 | D:7      | Noticed a two-headed ogre
  7418 | D:7      | Killed a two-headed ogre
  7419 | D:7      | Reached skill level 10 in Axes
  7419 | D:7      | Reached skill level 8 in Armour
  7789 | D:7      | Reached skill level 9 in Armour
  9063 | D:8      | Reached skill level 5 in Dodging
  9086 | D:8      | Reached skill level 10 in Armour
  9702 | D:8      | Noticed Amaemon
  9702 | D:8      | Noticed an orange demon
  9723 | D:8      | Killed Amaemon
  9724 | D:8      | Reached XP level 10. HP: 70/90 MP: 9/9
  9732 | D:8      | Killed an orange demon
 10538 | D:9      | Reached skill level 11 in Armour
 10544 | D:9      | Reached skill level 1 in Maces & Flails
 11223 | D:9      | Paralysed by a hornet for 1 turns
 11444 | D:9      | Reached skill level 5 in Maces & Flails
 11445 | D:9      | Reached **** piety under Trog
 11839 | D:9      | Found a basalt altar of Yredelemnul.
 11839 | D:9      | Found a bloodstained altar of Trog.
 11861 | D:9      | Found a shimmering blue altar of Sif Muna.
 11877 | D:9      | Found a hide-covered altar of Uskayaw.
 11878 | D:9      | Identified the ring of Nuhuoh {rElec rC+ MP+9 Slay+2}
 11878 | D:9      | Noticed a wizard
 11879 | D:9      | Found a stormy altar of Qazlal.
 11917 | D:9      | Killed a wizard
 12027 | D:9      | Found a radiant altar of Vehumet.
 12027 | D:9      | Found a sparkling altar of Nemelex Xobeh.
 12261 | D:10     | Entered Level 10 of the Dungeon
 12261 | D:10     | Noticed a centaur warrior
 12277 | D:10     | Killed a centaur warrior
 12278 | D:10     | Reached XP level 11. HP: 80/97 MP: 10/10
 12591 | D:10     | Found a shimmering altar of Xom.
 12591 | D:10     | Noticed a two-headed ogre
 12623 | D:10     | Killed a two-headed ogre
 12624 | D:10     | Reached skill level 12 in Armour
 13158 | D:10     | Noticed a two-headed ogre
 13176 | D:10     | Killed a two-headed ogre
 13738 | D:10     | Found a staircase to the Orcish Mines.
 14161 | D:11     | Found a staircase to the Lair.
 14350 | D:11     | Noticed a two-headed ogre
 14360 | D:11     | Killed a two-headed ogre
 14700 | D:11     | Noticed a two-headed ogre
 14709 | D:11     | Killed a two-headed ogre
 14710 | D:11     | Reached skill level 10 in Fighting
 14798 | D:11     | Reached ***** piety under Trog
 15264 | D:11     | Noticed a tengu warrior
 15289 | D:11     | Killed a tengu warrior
 15290 | D:11     | Reached skill level 10 in Maces & Flails
 15548 | D:11     | Found the +18 Lear's hauberk
 16132 | Lair:1   | Entered Level 1 of the Lair of Beasts
 16257 | Lair:1   | Noticed an eight-headed hydra
 16265 | Lair:1   | Killed an eight-headed hydra
 16266 | Lair:1   | Reached skill level 13 in Armour
 16687 | Lair:1   | Reached XP level 12. HP: 107/107 MP: 11/11
 16799 | Lair:1   | Noticed a six-headed hydra
 16816 | Lair:1   | Killed a six-headed hydra
 17014 | Lair:1   | Identified the +10 longbow of Usurping Quick Death {vorpal,
                  | Str+2 Int+3}
 17498 | Lair:2   | Noticed a six-headed hydra
 17507 | Lair:2   | Killed a six-headed hydra
 17559 | Lair:2   | Reached skill level 14 in Armour
 17905 | Lair:2   | Noticed a five-headed hydra
 17914 | Lair:2   | Killed a five-headed hydra
 18161 | Lair:2   | Found the +5 scythe "Finisher" {speed, eviscerate}
 18776 | Lair:3   | Found a staircase to the Shoals.
 18970 | Lair:3   | Reached XP level 13. HP: 107/118 MP: 12/12
 20246 | Lair:3   | You fall into a shaft and drop 2 floors!
 20557 | Lair:5   | Received a gift from Trog
 20575 | Lair:5   | Reached skill level 15 in Armour
 20682 | Lair:5   | Found a transporter.
 20684 | Lair:5   | Found a transporter.
 20686 | Lair:5   | Identified the +2 chain mail of Past Mistakes {rPois}
 20686 | Lair:5   | Noticed Tynuabry's ghost (journeyman DECj)
 21301 | Lair:5   | Found a staircase to the Slime Pits.
 21452 | Lair:6   | Entered Level 6 of the Lair of Beasts
 21583 | Lair:6   | Found a shimmering blue altar of Sif Muna.
 22053 | Lair:6   | Paralysed by a hornet for 3 turns
 23394 | Lair:6   | Noticed a fire dragon
 23404 | Lair:6   | Killed a fire dragon
 23424 | Lair:6   | Gained mutation: You are clumsy. (Dex -2) [potion of
                  | mutation]
 23424 | Lair:6   | Gained mutation: You are partially covered in iridescent
                  | scales. (AC +2) [potion of mutation]
 23424 | Lair:6   | Lost mutation: You are partially covered in iridescent
                  | scales. (AC +2) [potion of mutation]
 23424 | Lair:6   | Gained mutation: Your mind is acute. (Int +2) [potion of
                  | mutation]
 23428 | Lair:6   | HP: 4/123 [swamp dragon] (3)]
 23428 | Lair:6   | Succumbed to a swamp dragon's poison gas

Illustrated notes

Levels and vault maps discovered:
D:1:      kb_arrival_jail, layout_basic
D:2:      layout_basic, chequers_ecumenical_altar_simple_redux
D:3:      layout_basic, grunt_temple_overflow_growth_and_decay, uniq_grinder
D:4:      layout_gridville, grunt_gozag_statues, uniq_sigmund
D:5:      layout_loops_ring, okawaru_gym_becter, kennysheep_mini,
          minmay_pentangle
D:6:      layout_loops_ring, hangedman_decor_peaks_small, nicolae_shop_clearance
D:7:      layout_loops_corners, temple_fountains, hangedman_decor_points,
          chequers_serial_rivers_large_b
D:8:      layout_basic, uniq_amaemon
D:9:      layout_rooms, grunt_temple_overflow_open,
          chequers_temple_overflow_statue_of_worship,
          small_chamber_with_monster, minivault_24
D:10:     layout_basic, xom_confusion_cloud, hiddenorc2_lemuel,
          nicolae_twisting_strands
D:11:     layout_cave_pools, lair_entry_dummy, hellmonk_guarded_unrand_lears
Lair:1:   layout_cave_pods, beast_lair_carwin_5
Lair:2:   layout_regular_city, minmay_lindwurm_lava, grunt_megastairs_3
Lair:3:   layout_regular_city, minmay_shoals_entry_beasts,
          nicolae_lair_run_with_the_wolves
Lair:5:   layout_cave_pods, dpeg_slime_entry_corner, gammafunk_ghost_hive,
          dreamdust_gnoll_shepherd, grunt_megastairs_4
Lair:6:   hangedman_lair_tendril_chambers, layout_layer_cave,
          guppyfry_lair_end_dragon, basic_altar

Skill      XL: |  1  2  3  4  5  6  7  8  9 10 11 12 13 |
---------------+----------------------------------------+-----
Fighting       | 4 5 6 7 8 9 10 12 13 | 13.9
Axes           | 4 5 6 7 9 11 | 11.8
Dodging        | 3 4 5 6 7 |  7.2
Armour         | 4 5 7 10 11 13 14 15 | 15.8
Stealth        | 1 2 3 |  3.1
Maces & Flails | 6 10 13 14 | 14.9

Action                   |  1- 3 |  4- 6 |  7- 9 | 10-12 | 13-15 || total
-------------------------+-------+-------+-------+-------+-------++-------
Melee: Hand axe          |    65 |    58 |   326 |     8 |       ||   457
       Headbutt          |     5 |     7 |    66 |   124 |    76 ||   278
       Punch             |       |       |     7 |    12 |       ||    19
       Demon whip        |       |       |       |   536 |   122 ||   658
       Dire flail        |       |       |       |       |   194 ||   194
Invok: Berserk           |       |     2 |     4 |    10 |     2 ||    18
       Brothers in Arms  |       |       |       |     1 |       ||     1
       Trog's Hand       |       |       |       |     1 |     2 ||     3
  Use: Scroll            |       |       |     5 |     9 |       ||    14
       Potion            |       |       |     5 |     6 |     7 ||    18
Armor: Animal skin       |     7 |       |       |       |       ||     7
       Ring mail         |    24 |     8 |       |       |       ||    32
       Scale mail        |       |    10 |    11 |       |       ||    21
       Chain mail        |       |       |   129 |   240 |   191 ||   560
Dodge: Dodged            |    65 |    34 |   155 |   338 |   226 ||   818

Table legend: (Time is in decaauts)
 A = Elapsed time spent in this place.
 B = Non-inter-level travel time spent in this place.
 C = Inter-level travel time spent in this place.
 D = Time resting spent in this place.
 E = Time spent auto-exploring this place.
 F = Levels seen in this place.
 G = Mean time per level.
                   A        B        C        D        E       F      G
               +--------+--------+--------+--------+--------+-----+--------+
         Total |  23236 |  22648 |    588 |   9207 |   7766 |  16 | 1452.2 |
       Dungeon |  16131 |  15739 |    392 |   7069 |   4920 |  11 | 1466.5 |
          Lair |   7104 |   6908 |    196 |   2138 |   2846 |   5 | 1420.8 |
               +--------+--------+--------+--------+--------+-----+--------+

Top non-repeatable levels by time:
     D:8: 2223 daAuts
    D:11: 1986 daAuts
  Lair:6: 1930 daAuts
    D:10: 1856 daAuts
     D:9: 1720 daAuts
  Lair:3: 1671 daAuts
     D:7: 1655 daAuts
     D:5: 1444 daAuts
  Lair:1: 1292 daAuts
     D:1: 1290 daAuts
     D:2: 1270 daAuts
  Lair:5: 1171 daAuts
  Lair:2: 1038 daAuts
     D:3: 948 daAuts
     D:6: 938 daAuts
